 Dungeon Crawl Stone Soup version 0.21.1-1-g345015f (webtiles) character file.

13157 sking99 the Exorcist (level 11, -4/113 HPs)
             Began as a Troll Monk on June 24, 2018.
             Was an Elder of the Shining One.
             Slain by a troll (5 damage)
             ... on level 11 of the Dungeon.
             The game lasted 00:36:14 (9925 turns).

sking99 the Exorcist (Troll Monk)                   Turns: 9925, Time: 00:36:15

Health: -4/113     AC:  9    Str: 21    XL:     11   Next: 71%
Magic:  0/16       EV: 16    Int:  6    God:    the Shining One [****..]
Gold:   548        SH:  0    Dex: 20    Spells: 10/10 levels left

rFire    . . .     SeeInvis +     - Unarmed
rCold    + . .     Gourm    +   (no shield)
rNeg     + + .     Faith    .   J - +2 robe {rC+}
rPois    .         Spirit   +   O - +2 hat {MR+}
rElec    .         Reflect  .   (no cloak)
rCorr    .         Harm     .   (gloves unavailable)
MR       +....                  (boots unavailable)
Stlth    +.........             k - amulet of guardian spirit
HPRegen  0.68/turn              n - +5 ring of dexterity
MPRegen  0.15/turn              y - ring of see invisible

@: glowing
A: large, unfitting armour, claws 3, fast metabolism 3, gourmand, regeneration
1, shaggy fur 1, tough skin 2
a: Divine Shield, Cleansing Flame, Renounce Religion


You were on level 11 of the Dungeon.
You worshipped the Shining One.
The Shining One was greatly pleased with you.
You were not hungry.

You visited 2 branches of the dungeon, and saw 12 of its levels.
You visited 1 bazaar.

You collected 593 gold pieces.
You spent 45 gold pieces at shops.

Inventory:

Missiles
 j - 202 stones (quivered)
 B - 2 throwing nets
Armour
 a - a +1 robe
 G - the +1 hat "Fulir" {+Inv}
   (You acquired it on level 11 of the Dungeon)

   It lets you turn invisible.
 J - a +2 robe of cold resistance (worn)
 O - a +2 hat of magic resistance (worn)
Jewellery
 e - an uncursed amulet of harm
 k - an amulet of guardian spirit (around neck)
 n - a +5 ring of dexterity (left claw)
 y - a ring of see invisible (right claw)
Wands
 w - a wand of polymorph (10)
 x - a wand of iceblast (9)
 C - a wand of acid (7)
 H - a wand of enslavement (16)
Scrolls
 d - 2 scrolls of fear
 f - a scroll of enchant armour
 g - 7 scrolls of teleportation
 h - 3 scrolls of amnesia
 l - 4 scrolls of remove curse
 p - 2 scrolls of enchant weapon
 r - a scroll of magic mapping
 u - 2 scrolls of blinking
 E - a scroll of noise
 L - a scroll of silence {unknown}
Potions
 c - 3 potions of might
 o - a potion of haste
 q - 2 potions of agility
 s - 2 potions of mutation
 v - 2 potions of resistance
 z - a potion of brilliance
 A - a potion of lignification
 D - a potion of flight
 F - a potion of cancellation
 I - 2 potions of ambrosia {unknown}
 M - a potion of invisibility {unknown}
Books
 i - a book of Maledictions

   Spells                             Type                      Level
   a - Corona                         Hexes                        1
   b - Ensorcelled Hibernation        Hexes/Ice                    2
   c - Confuse                        Hexes                        3
   d - Tukima's Dance                 Hexes                        3
   e - Dazzling Spray                 Conjuration/Hexes            3
 t - a book of Flames

   Spells                             Type                      Level
   a - Flame Tongue                   Conjuration/Fire             1
   b - Throw Flame                    Conjuration/Fire             2
   c - Conjure Flame                  Conjuration/Fire             3
   d - Inner Flame                    Hexes/Fire                   3
   e - Sticky Flame                   Conjuration/Fire             4
   f - Fireball                       Conjuration/Fire             5
 K - a book of Party Tricks

   Spells                             Type                      Level
   a - Summon Butterflies             Summoning                    1
   b - Apportation                    Translocation                1
   c - Lesser Beckoning               Translocation                3
   d - Tukima's Dance                 Hexes                        3
   e - Alistair's Intoxication        Transmutation/Poison         5
   f - Invisibility                   Hexes                        6
 N - a book of Unlife

   Spells                             Type                      Level
   a - Recall                         Summoning/Translocation      3
   b - Animate Dead                   Necromancy                   4
   c - Borgnjor's Vile Clutch         Necromancy/Earth             5
   d - Death Channel                  Necromancy                   6
   e - Simulacrum                     Ice/Necromancy               6
Comestibles
 b - 29 rations


   Skills:
 + Level 8.4 Fighting
 - Level 7.0 Throwing
 + Level 8.4 Dodging
 - Level 1.0 Stealth
 - Level 6.6 Unarmed Combat
 * Level 8.6 Invocations


You had 10 spell levels left.
You didn't know any spells.

Dungeon Overview and Level Annotations

Branches:
Dungeon (11/15)            Temple (1/1) D:4             Orc (0/2) D:9
   Lair: D:8-11

Altars:
Ashenzari
Cheibriados
Dithmenos
Elyvilon
Fedhas
Gozag
Hepliaklqana
Kikubaaqudgha
Makhleb
Nemelex Xobeh
Okawaru
Qazlal
Ru
Sif Muna
Trog
Uskayaw
Vehumet
Wu Jian
Xom
Yredelemnul
Zin
The Shining One

Shops:
D:5 (   D:7 *


Innate Abilities, Weirdness & Mutations

You are too large for most types of armour.
You have claws for hands.
Your metabolism is lightning-fast.
You like to eat raw meat.
Your natural rate of healing is unusually fast.
You are covered in fur. (AC +1)
You have very tough skin. (AC +2)


Message History

The yak completely misses you.
You mangle the yak!!
The yak is severely wounded.
The yak closely misses you.
You mangle the yak!!
You kill the yak!
The yak gores you.
* * * LOW HITPOINT WARNING * * *
You completely miss the yak. The yak misses you.
The troll completely misses you. x2; The troll barely misses you.
You mangle the yak!! You claw the yak, but do no damage.
The yak is heavily wounded.
The yak closely misses you. The troll closely misses you. The troll claws you!
* * * LOW HITPOINT WARNING * * *
The troll claws you.
* * * LOW HITPOINT WARNING * * *
You feel better. The yak gores you!
* * * LOW HITPOINT WARNING * * *
The troll closely misses you. The troll claws you.
You die...

... .....................
....######...............
.[..#.. ##..............
.......####..............
.....##....#..###........
.......#..##..# #........
..............###....#...
.###..T†...........###..
#..†@............ ..
#..Y............. .
.....................
.................
...............).
..#......#.....#
...#....###..... ..#.....
..?..


You could see a yak and a troll.

Vanquished Creatures
  Gastronok (D:10)
  Fannar (D:9)
  Erica (D:8)
  Nergalle (D:9)
  An unseen horror (D:9)
  An ugly thing (D:11)
  The ghost of w0lly the Shield-Bearer, an amateur MiFi (D:4)
  A hornet (D:11)
  Prince Ribbit (D:5)
  2 hippogriffs
  Sigmund (D:4)
  A wyvern (D:9)
  A wraith (D:10)
  A water elemental (D:11)
  7 yaks
  2 hungry ghosts
  2 hornet zombies
  4 ice beasts
  2 phantoms
  5 sky beasts
  4 orc warriors
  5 ogres
  A black bear (D:7)
  A centaur (D:9)
  2 wolves (D:11)
  A crocodile (D:9)
  8 bullfrogs
  A wyvern zombie (D:7)
  A water moccasin zombie (D:10)
  5 scorpions
  11 killer bees (D:9)
  3 howler monkeys (D:9)
  3 electric eels
  3 crimson imps
  4 hounds
  A bullfrog zombie (D:9)
  4 centaur skeletons
  7 orc wizards
  The ghost of twistedcrescendo the Grasshopper, a weakling FeWr of Nemelex Xobeh (D:3)
  6 orc priests
  A bullfrog skeleton (D:4)
  A gnoll shaman (D:9)
  An iguana (D:8)
  Jessica (D:3)
  Natasha (thrice) (D:2 D:3)
  12 worker ants
  3 hound skeletons
  4 gnolls
  15 adders
  3 howler monkey skeletons
  4 shadow imps
  7 worms
  3 adder skeletons
  4 dart slugs
  3 leopard geckos
  34 orcs
  2 ball pythons
  2 giant cockroaches
  5 goblins
  10 hobgoblins
  13 jackals
  5 kobolds
  8 quokkas
  10 bats
  11 frilled lizards
  A leopard gecko skeleton (D:5)
  A quokka skeleton (D:10)
  A quokka zombie (D:5)
  5 rats
282 creatures vanquished.

Vanquished Creatures (others)
  An orc (D:11)
1 creature vanquished.

Grand Total: 283 creatures vanquished

Notes
Turn   | Place    | Note
-------+----------+-------------------------------------------
     0 | D:1      | sking99 the Troll Monk began the quest for the Orb.
     0 | D:1      | Reached XP level 1. HP: 22/22 MP: 0/0
    95 | D:1      | Reached XP level 2. HP: 29/29 MP: 1/1
   279 | D:1      | Reached XP level 3. HP: 26/36 MP: 2/2
  1109 | D:2      | Noticed Natasha
  1115 | D:2      | Killed Natasha
  1115 | D:2      | Reached XP level 4. HP: 44/44 MP: 3/3
  1373 | D:2      | Reached XP level 5. HP: 50/53 MP: 4/4
  1842 | D:3      | Noticed twistedcrescendo's ghost (weakling FeWr)
  1908 | D:3      | Killed twistedcrescendo's ghost
  1908 | D:3      | Reached skill level 5 in Unarmed Combat
  1960 | D:3      | Found a shattered altar of Ashenzari.
  1996 | D:3      | Noticed Jessica
  2000 | D:3      | Killed Jessica
  2000 | D:3      | Reached XP level 6. HP: 61/61 MP: 5/5
  2185 | D:3      | Noticed Natasha
  2193 | D:3      | Killed Natasha
  2510 | D:3      | Noticed Natasha
  2516 | D:3      | Killed Natasha
  2703 | D:4      | Noticed Sigmund
  2767 | D:4      | Noticed w0lly's ghost (amateur MiFi)
  2798 | D:4      | Killed w0lly's ghost
  2798 | D:4      | Reached XP level 7. HP: 43/70 MP: 6/6
  3176 | D:4      | Found a staircase to the Ecumenical Temple.
  3187 | Temple   | Entered the Ecumenical Temple
  3504 | Temple   | Became a worshipper of the Shining One
  3504 | Temple   | Reached * piety under the Shining One
  3504 | Temple   | Reached ** piety under the Shining One
  4183 | D:5      | Entered Level 5 of the Dungeon
  4183 | D:5      | Found Hip Anak's Weapon Boutique.
  4193 | D:5      | Reached skill level 1 in Invocations
  4283 | D:5      | Reached XP level 8. HP: 78/79 MP: 6/8
  4387 | D:5      | Noticed Prince Ribbit
  4399 | D:5      | Killed Prince Ribbit
  4634 | D:5      | Reached skill level 5 in Fighting
  4634 | D:5      | Reached skill level 5 in Dodging
  4956 | D:4      | Killed Sigmund
  5073 | D:6      | Found a sparkling altar of Nemelex Xobeh.
  5781 | D:7      | Reached skill level 5 in Invocations
  5795 | D:7      | Reached XP level 9. HP: 88/88 MP: 11/11
  5819 | D:7      | Reached skill level 1 in Throwing
  5920 | D:7      | Reached *** piety under the Shining One
  6302 | D:7      | Found Fyicraf's General Store.
  6523 | D:8      | Noticed Erica
  6553 | D:8      | Killed Erica
  6553 | D:8      | Reached skill level 5 in Throwing
  6553 | D:8      | Reached XP level 10. HP: 62/100 MP: 5/12
  6960 | D:9      | Got a blackened mace
  6961 | D:9      | Identified the +3 mace of Tenacity {crush, *Contam Int+4} (You found it on level 9 of the Dungeon)
  7379 | D:9      | Found a staircase to the Orcish Mines.
  7385 | D:9      | Reached **** piety under the Shining One
  8150 | D:10     | Entered Level 10 of the Dungeon
  8150 | D:10     | Noticed Nergalle
  8153 | D:10     | Noticed an unseen horror
  8154 | D:10     | Noticed Fannar
  8188 | D:9      | Killed an unseen horror
  8495 | D:9      | Killed Fannar
  8495 | D:9      | Reached XP level 11. HP: 60/109 MP: 3/14
  8498 | D:9      | Killed Nergalle
  8882 | D:10     | Noticed Gastronok
  8904 | D:10     | Killed Gastronok
  9378 | D:11     | Identified a scroll of acquirement
  9379 | D:11     | Got a smoking hat
  9380 | D:11     | Identified the +1 hat "Fulir" {+Inv} (You acquired it on level 11 of the Dungeon)
  9440 | D:11     | Paralysed by a hornet for 1 turns
  9457 | D:11     | Noticed a purple ugly thing
  9469 | D:11     | Killed a purple ugly thing
  9504 | D:11     | Found a flickering gateway to a bazaar.
  9661 | Bazaar   | Entered a bazaar
  9723 | Bazaar   | Found Hebum's Antique Armour Shoppe.
  9723 | Bazaar   | Found Keseitzo's Armour Shoppe.
  9759 | Bazaar   | Found Esapoj Osooch's Magic Scroll Emporium.
  9759 | Bazaar   | Found Warisata's General Store.
  9765 | Bazaar   | Bought a scroll of magic mapping for 45 gold pieces
  9924 | D:11     | HP: 5/113 [troll (7)]
  9924 | D:11     | HP: 2/113 [troll (3)]
  9925 | D:11     | Slain by a troll

Skill      XL: |  1  2  3  4  5  6  7  8  9 10 11 |
---------------+----------------------------------+-----
Unarmed Combat | 4 5 6 |  6.6
Dodging        | 3 4 5 6 7 8 |  8.4
Fighting       | 3 4 5 6 7 8 |  8.4
Invocations    | 2 5 6 8 |  8.6
Throwing       | 5 7 |  7.0
Stealth        | |  1.0

Action                   |  1- 3 |  4- 6 |  7- 9 | 10-12 || total
-------------------------+-------+-------+-------+-------++-------
Melee: Unarmed           |    85 |   163 |   254 |   397 ||   899
       Punch             |     2 |     3 |    12 |    16 ||    33
Throw: Stone             |    10 |     8 |    40 |    16 ||    74
Invok: Divine Shield     |       |       |     2 |     5 ||     7
  Use: Scroll            |       |       |     8 |    15 ||    23
       Potion            |       |       |       |    11 ||    11
 Stab: Sleeping          |     2 |     3 |       |       ||     5
  Eat: Chunk             |    16 |    15 |    35 |    36 ||   102
       Ration            |       |       |       |     1 ||     1
Armor: Robe              |    33 |    44 |    37 |    89 ||   203
       Skin              |       |       |       |    66 ||    66
Dodge: Dodged            |    46 |    74 |   132 |   338 ||   590
Block: Other             |       |       |     2 |    62 ||    64
